 Dungeon Crawl Stone Soup version 0.23.2-40-g277498a001 (webtiles) character file.

Game seed: 16167998287197573684

574 Marnok the Poker (level 7, 0/55 HPs)
             Began as a Demonspawn Chaos Knight on Oct 11, 2019.
             Was a Plaything of Xom.
             Succumbed to a scorpion's poison
             ... on level 4 of the Dungeon.
             The game lasted 00:15:01 (4665 turns).

Marnok the Poker (Demonspawn Chaos Knight)          Turns: 4665, Time: 00:15:01

Health: 0/55       AC:  7    Str: 14    XL:     7   Next: 12%
Magic:  2/7        EV: 13    Int: 16    God:    Xom [*.....]
Gold:   203        SH:  0    Dex: 18    Spells: 6/6 levels left

rFire    + . .     SeeInvis .   a - +1 spear (chaos)
rCold    . . .     Gourm    .   (no shield)
rNeg     . . .     Faith    .   b - +3 leather armour
rPois    .         Spirit   +   (no helmet)
rElec    .         Reflect  .   d - scarf {cloud immunity}
rCorr    .         Harm     .   (no gloves)
MR       .....                  t - +0 pair of boots
Stlth    +++.......             k - amulet of guardian spirit
HPRegen  0.18/turn              m - +2 ring of dexterity
MPRegen  0.10/turn              (no ring)

@: lethally poisoned (0 -> -11), no potions
A: thin skeletal structure 1, agile 1, clever 1, fire resistance 1, flame cloud
immunity
a: Renounce Religion


You were on level 4 of the Dungeon.
You worshipped Xom.
You were a special plaything of Xom.
You were not hungry.

You visited 1 branch of the dungeon, and saw 6 of its levels.

You collected 203 gold pieces.

Inventory:

Hand Weapons
 a - a +1 spear of chaos (weapon)
 s - a +0 short sword of speed
 v - a +1 hand axe of pain
Missiles
 o - 6 javelins (quivered)
Armour
 b - a +3 leather armour (worn)
 d - a scarf of cloud immunity (worn)
 t - a +0 pair of boots (worn)
Jewellery
 k - an amulet of guardian spirit (around neck)
 m - a +2 ring of dexterity (left hand)
Scrolls
 e - a scroll of blinking
 f - a scroll of enchant armour
 g - a scroll of magic mapping
 i - a scroll of fog
 j - 2 scrolls of amnesia
 n - a scroll of teleportation
 p - 2 scrolls of remove curse
 q - a scroll of identify
Potions
 h - a potion of curing
 l - a potion of resistance
 u - 2 potions of brilliance
 w - a potion of might
 x - a potion of agility
Comestibles
 c - 12 rations


   Skills:
 + Level 4.6 Fighting
 + Level 5.0 Polearms
 + Level 3.0 Armour
 + Level 2.4 Dodging
 + Level 2.4 Stealth


You had 6 spell levels left.
You didn't know any spells.
Your spell library contained the following spells:

 Spells                   Type           Power        Failure   Level  Hunger
 Beastly Appendage        Tmut           #.....       30%         1    ##.....
 Sticks to Snakes         Tmut           #.......     43%         2    ###....
 Spider Form              Tmut/Pois      #.........   67%         3    ####...
 Ice Form                 Ice/Tmut       #.......     97%         4    #####..
 Blade Hands              Tmut           #.........   100%        5    ######.


Dungeon Overview and Level Annotations

Branches:
Dungeon (6/15)
 Temple: D:4-7

Altars:
Trog
Uskayaw


Innate Abilities, Weirdness & Mutations

You have a somewhat thin skeletal structure. (Dex +2, Stealth)
Your flesh is heat resistant. (rF+)
You are immune to clouds of flame.
You are agile. (Dex +2)
Your mind is acute. (Int +2)


Message History

You hit the scorpion.
You feel better.
The scorpion is severely wounded.
* * * LOW HITPOINT WARNING * * *
You feel sick. The scorpion completely misses you. x2
You cannot drink potions in your current state!
You barely miss the scorpion.
The scorpion is severely wounded.
* * * LOW HITPOINT WARNING * * *
You feel sick. The scorpion barely misses you.
You hit the scorpion.
The scorpion is almost dead.
* * * LOW HITPOINT WARNING * * *
You feel sick.
The scorpion stings you but does no damage.
You hit the scorpion.
You kill the scorpion!
Your Polearms skill increases to level 5!
Your Armour skill increases to level 3!
You die...
Xom bursts into laughter!

###### ### ###.##.### # ##.###
##........### ######## #....#
#...†.....#.###...#.#.
##...####....@#.#.............
##...####.....####............#
#....###....#.#.#......##.....#
###....###..............###....#
##......#.....###................
#.............####.(.#.........##
#.........#....####..#...........
#..##....###....###..............
....##..#####...##...............


There were no monsters in sight!

Vanquished Creatures
  An ogre (D:5)
  A scorpion (D:4)
  2 hounds (D:4)
  A bullfrog skeleton (D:4)
  3 worker ants (D:4)
  An iguana (D:5)
  2 orc wizards
  8 adders
  A shadow imp (D:5)
  An ooze (D:1)
  3 worms
  3 dart slugs
  3 leopard geckos
  13 orcs
  4 giant cockroaches
  8 goblins
  10 hobgoblins
  8 jackals (D:2)
  5 quokkas
  6 bats
  6 frilled lizards
  8 kobolds
  13 rats
111 creatures vanquished.

Vanquished Creatures (others)
  A hobgoblin (D:1)
1 creature vanquished.

Grand Total: 112 creatures vanquished

Notes
Turn   | Place    | Note
-------+----------+-------------------------------------------
     0 | D:1      | Marnok the Demonspawn Chaos Knight began the quest for the
                  | Orb.
     0 | D:1      | Reached XP level 1. HP: 18/18 MP: 1/1
   120 | D:1      | Reached skill level 3 in Polearms
   120 | D:1      | Gained mutation: Your flesh is heat resistant. (rF+)
                  | [demonic ancestry]
   120 | D:1      | Reached XP level 2. HP: 18/24 MP: 2/2
   298 | D:1      | XOM: divination: detect creatures
   461 | D:1      | Gained mutation: You have a somewhat thin skeletal
                  | structure. (Dex +2, Stealth) [demonic ancestry]
   461 | D:1      | Reached XP level 3. HP: 28/29 MP: 3/3
   787 | D:2      | Reached skill level 1 in Dodging
   841 | D:4      | Reached XP level 4. HP: 20/37 MP: 4/4
  1112 | D:2      | Found a faded altar of an unknown god.
  1197 | D:2      | XOM: silly message
  1934 | D:2      | XOM: silly message
  1999 | D:3      | Found a hide-covered altar of Uskayaw.
  2105 | D:3      | Reached XP level 5. HP: 28/42 MP: 5/5
  2346 | D:3      | Reached skill level 4 in Polearms
  2380 | D:3      | HP: 1/42 [something (4)]
  2642 | D:2      | XOM: summons 2 hostile demons
  2750 | D:3      | XOM: give mutation
  2750 | D:3      | Gained mutation: You are agile. (Dex +2) [Xom's grace]
  3189 | D:4      | XOM: confusion (+ monsters)
  3209 | D:4      | Reached skill level 1 in Stealth
  3250 | D:5      | Entered Level 5 of the Dungeon
  3271 | D:4      | XOM: confusion
  3374 | D:4      | Gained mutation: You are immune to clouds of flame.
                  | [demonic ancestry]
  3374 | D:4      | Reached XP level 6. HP: 41/48 MP: 6/6
  3487 | D:4      | XOM: 4-stop teleportation journey
  3926 | D:4      | XOM: mild Tloc miscast
  4073 | D:3      | XOM: medium Air miscast
  4335 | D:5      | XOM: harmless Ice miscast
  4385 | D:4      | XOM: give mutation
  4385 | D:4      | Gained mutation: Your mind is acute. (Int +2) [Xom's
                  | mischief]
  4388 | D:4      | XOM: summons 3 hostile demons
  4398 | D:5      | Reached XP level 7. HP: 26/55 MP: 7/7
  4571 | D:5      | Found a bloodstained altar of Trog.
  4650 | D:5      | XOM: medium Ice miscast
  4661 | D:4      | HP: 2/55 [poisoned by a scorpion]
  4665 | D:4      | Reached skill level 5 in Polearms
  4665 | D:4      | Succumbed to a scorpion's poison

Skill      XL: |  1  2  3  4  5  6  7 |
---------------+----------------------+-----
Polearms       | 3 4 5 |  5.0
Armour         | 2 3 |  3.0
Dodging        | 1 2 |  2.4
Fighting       | 4 |  4.6
Stealth        | 1 2 |  2.4

Action                   |  1- 3 |  4- 6 |  7- 9 || total
-------------------------+-------+-------+-------++-------
Melee: Spear             |    94 |   276 |    28 ||   398
  Use: Potion            |       |     9 |       ||     9
       Scroll            |       |    11 |     1 ||    12
 Stab: Sleeping          |     1 |     3 |       ||     4
       Petrified         |       |     4 |       ||     4
       Confused          |       |     1 |       ||     1
  Eat: Chunk             |       |    11 |     1 ||    12
Armor: Leather armour    |    31 |   106 |     7 ||   144
Dodge: Dodged            |    64 |   174 |    37 ||   275
